 Dungeon Crawl Stone Soup version 0.28-a0-861-ge64d6db94f (webtiles) character file.

Game seed: 9975546229017360246

9379 kklluuttzz the Carver (level 11, -2/72 HPs)
             Began as a Formicid Warper on Nov 15, 2021.
             Was a Believer of Sif Muna.
             Slain by a blink frog (10 damage)
             ... on level 1 of the Lair of Beasts.
             The game lasted 00:32:20 (15090 turns).

kklluuttzz the Carver (Formicid Warper)            Turns: 15090, Time: 00:32:20

Health: -2/72      AC:  5    Str: 18    XL:     11   Next: 73%
Magic:  16/19      EV: 14    Int: 14    God:    Sif Muna [**....]
Gold:   501        SH:  5    Dex: 10    Spells: 17/20 levels left

rFire   . . .      SeeInvis +   a - +2 dagger (venom)
rCold   . . .      Faith    .   (no shield)
rNeg    . . .      Spirit   .   J - +0 leather armour {rPois}
rPois   +          Reflect  +   (helmet unavailable)
rElec   .          Harm     .   e - +0 cloak
rCorr   .          Rampage  .   (no gloves)
Will    +....                   f - +0 pair of boots
Stlth   +.........              x - amulet of reflection
HPRegen 0.22/turn               (no ring)
MPRegen 0.16/turn               (no ring)

@: no status effects
A: permanent stasis, dig shafts and tunnels, antennae 3, four strong arms
a: Dig, Shaft Self, Renounce Religion, Channel Magic


You were on level 1 of the Lair of Beasts.
You worshipped Sif Muna.
Sif Muna was pleased with you.
You visited 3 branches of the dungeon, and saw 13 of its levels.

You collected 501 gold pieces.

Inventory:

Hand Weapons
 a - a +2 dagger of venom (weapon)
 b - a +0 hunting sling
 r - a +2 long sword
 N - the +7 glaive of Tenacity {venom, rElec Str+4}
   (You found it on level 8 of the Dungeon)

   It poisons the flesh of those it strikes.
   Str:       It affects your strength (+4).
   rElec:     It insulates you from electricity.
Missiles
 c - 7 boomerangs of dispersal
 h - 290 stones (quivered)
 o - 2 atropa-tipped darts
 p - 76 bolts
 s - 26 sling bullets
 y - 10 boomerangs
 K - 3 throwing nets
Armour
 e - a +0 cloak (worn)
 f - a +0 pair of boots (worn)
 g - a +1 leather armour
 w - a +0 robe of willpower
 C - a +2 chain mail of cold resistance
 J - a +0 leather armour of poison resistance (worn)
Magical Staves
 z - a staff of fire
Jewellery
 j - an amulet of guardian spirit
 m - an amulet of regeneration
 n - an amulet of magic regeneration
 x - an amulet of reflection (around neck)
 O - an amulet of the acrobat
Wands
 B - a wand of flame (15)
 M - a wand of digging (4)
Scrolls
 i - a scroll of holy word
 l - a scroll of silence {unknown}
 G - a scroll of magic mapping
 H - a scroll of fog
Potions
 d - 2 potions of cancellation
 k - a potion of attraction
 t - a potion of mutation {unknown}
 u - a potion of magic
 v - 2 potions of resistance
 A - a potion of brilliance
 D - 2 potions of invisibility
 E - 3 potions of curing


   Skills:
 - Level 2.1 Fighting
 * Level 12.1 Long Blades
 - Level 4.3(5.0) Slings
 - Level 3.1(4.1) Throwing
 - Level 1.1 Armour
 + Level 8.0 Dodging
 - Level 5.4 Spellcasting
 - Level 6.5 Translocations


You had 17 spell levels left.
You knew the following spells:

 Your Spells              Type           Power      Damage    Failure   Level
t - Teleport Other        Tloc           22%        N/A       4%          3

Your spell library contained the following spells:

 Spells                   Type           Power      Damage    Failure   Level
 Apportation              Tloc           44%        N/A       1%          1
 Gell's Gravitas          Tloc           22%        N/A       4%          3
 Lesser Beckoning         Tloc           22%        N/A       4%          3
 Animate Skeleton         Necr           6%         N/A       21%         1
 Shock                    Conj/Air       12%        1d3       21%         1
 Slow                     Hex            12%        N/A       21%         1
 Sting                    Tmut/Pois      12%        1d3       21%         1
 Summon Small Mammal      Summ           12%        N/A       21%         1
 Ensorcelled Hibernation  Hex/Ice        6%         N/A       30%         2
 Poisonous Vapours        Pois/Air       6%         N/A       30%         2
 Static Discharge         Conj/Air       3%         N/A       30%         2
 Sublimation of Blood     Necr           3%         N/A       30%         2
 Manifold Assault         Tloc           22%        N/A       36%         5
 Confusing Touch          Hex            3%         N/A       52%         3
 Frozen Ramparts          Ice            6%         1d2       52%         3
 Tukima's Dance           Hex            3%         N/A       52%         3
 Vampiric Draining        Necr           3%         2d6       52%         3
 Airstrike                Air            1%         N/A       89%         4
 Dispel Undead            Necr           3%         3d7       89%         4
 Ice Form                 Ice/Tmut       3%         N/A       89%         4
 Olgreb's Toxic Radiance  Pois           3%         N/A       89%         4
 Petrify                  Tmut/Erth      3%         N/A       89%         4
 Sticky Flame             Conj/Fire      3%         2d3       89%         4
 Summon Ice Beast         Ice/Summ       3%         N/A       89%         4
 Irradiate                Conj/Tmut      1%         3d13      99%         5
 Blink                    Tloc           Unusable   N/A       N/A         2
 Swiftness                Air            Unusable   N/A       N/A         3

Dungeon Overview and Level Annotations

Branches:
Dungeon (11/15)            Temple (1/1) D:6            Lair (1/6) D:8
    Orc (0/2) D:11

Altars:
Dithmenos
Hepliaklqana
Makhleb
Okawaru
Ru
Sif Muna
Trog
Uskayaw
Vehumet
Yredelemnul

Annotations:
D:6 Menkaure
D:7 2 transporters, pdpol's ghost, novice GrEE
D:8 2 transporters


Innate Abilities, Weirdness & Mutations

You cannot be hasted, slowed, berserked, paralysed or teleported.
You can dig through walls and to a lower floor.
You have a pair of large antennae on your head. (SInv)
Your four strong arms can wield two-handed weapons with a shield.


Message History

Sif Muna accepts your kill.
You feel a bit more experienced.
The blink frog hits you but does no damage.
Your Dodging skill increases to level 8!
You closely miss the blink frog.
The blink frog is lightly wounded.
You hit the blink frog.
The blink frog is moderately wounded.
The blink frog blinks!
You barely miss the blink frog.
The blink frog hits you but does no damage.
You closely miss the blink frog.
The blink frog blinks!
You barely miss the blink frog.
The blink frog is almost dead.
The blink frog hits you but does no damage.
You closely miss the blink frog.
The blink frog is almost dead.
The blink frog blinks!
You hit the blink frog.
The blink frog is almost dead.
You block the blink frog's attack.
You hit the blink frog.
You kill the blink frog!
Sif Muna accepts your kill.
You cannot move.
The blink frog hits you!
* * * LOW HITPOINT WARNING * * *
You feel less wooden.
Your +0 cloak unmelds from your body.
Your +0 pair of boots unmelds from your body.
Your +0 leather armour of poison resistance unmelds from your body.
You feel resistant to poison.
The blink frog blinks!
Casting: Teleport Other (dangerous; 4% risk of failure)
Confirm with . or Enter, or press ? or * to list all spells.
Aiming: Teleport Other (dangerous; 4% risk of failure)
Press: ? - help, Shift-Dir - straight line, f - blink frog
Aim: a blink frog (chance to affect: 44%)
The blink frog resists with some effort.
The blink frog closely misses you. The blink frog hits you!
You die...

................###.P.##...
...........................
......................†....
...........................
...........................
........#........##..#.#...
##......###..#..##..##
#..............F#†...##.#..#
...............#@#...{.....#
P........##....###..F.......
..#..##..##..#. #....####.#
..#..# ..#..##. #....#
##...# .#. .F...# #. .F....#
.#....## .###....


You could see a blink frog.

Vanquished Creatures
  Harold (D:8)
  2 two-headed ogres (D:8)
  2 unseen horrors
  A polar bear (Lair:1)
  2 trolls
  A hornet (D:9)
  6 blink frogs (Lair:1)
  A shadow (D:11)
  A vampire (D:9)
  A yak (D:8)
  A wyvern (D:8)
  5 water moccasins
  5 orc warriors
  A sky beast (D:7)
  3 black bears
  An ogre (D:6)
  2 necrophages
  6 centaurs
  A kobold brigand (D:9)
  7 bullfrogs
  2 scorpions
  A water moccasin skeleton (D:6)
  17 killer bees
  2 howler monkeys
  2 centaur zombies (D:7)
  A jelly (D:4)
  2 hounds
  6 orc priests
  A bullfrog skeleton (D:7)
  A centaur skeleton (D:6)
  4 iguanas
  9 orc wizards
  A hound skeleton (D:4)
  A howler monkey zombie (D:9)
  5 adders
  3 gnolls (D:2)
  A howler monkey skeleton (D:7)
  A shadow imp (D:6)
  2 white imps
  3 worms (D:2)
  5 dart slugs (D:3)
  28 orcs
  5 endoplasms
  2 giant cockroaches
  6 goblins
  7 hobgoblins
  12 kobolds
  4 quokkas
  9 ball pythons
  6 bats
  4 frilled lizards
  7 rats
210 creatures vanquished.

Vanquished Creatures (others)
  39 fungi
  63 plants
102 creatures vanquished.

Grand Total: 312 creatures vanquished

Notes
Turn   | Place    | Note
-------+----------+-------------------------------------------
     0 | D:1      | kklluuttzz the Formicid Warper began the quest for the Orb.
     0 | D:1      | Reached XP level 1. HP: 16/16 MP: 3/3
   178 | D:1      | Reached XP level 2. HP: 22/22 MP: 5/5
   332 | D:1      | Found a faded altar of an unknown god.
   711 | D:1      | Reached XP level 3. HP: 27/27 MP: 6/6
  1170 | D:2      | Learned a level 3 spell: Teleport Other
  1292 | D:2      | Reached XP level 4. HP: 12/33 MP: 7/7
  2422 | D:3      | Reached XP level 5. HP: 36/38 MP: 8/8
  2938 | D:3      | Found a sacrificial altar of Ru.
  3552 | D:3      | Noticed a phantom
  3793 | D:3      | Reached XP level 6. HP: 44/44 MP: 9/9
  4623 | D:4      | Reached skill level 1 in Slings
  4623 | D:4      | Reached skill level 5 in Translocations
  5060 | D:5      | Entered Level 5 of the Dungeon
  5102 | D:5      | Noticed a black bear
  5813 | D:5      | Reached XP level 7. HP: 39/50 MP: 11/11
  6954 | D:6      | Noticed Menkaure
  7043 | D:6      | Reached XP level 8. HP: 49/56 MP: 12/14
  7176 | D:6      | Reached skill level 5 in Spellcasting
  7538 | D:6      | Found a staircase to the Ecumenical Temple.
  7558 | Temple   | Entered the Ecumenical Temple
  7590 | Temple   | Became a worshipper of Sif Muna the Loreminder
  7862 | D:7      | Found a transporter.
  7863 | D:7      | Noticed pdpol's ghost (novice GrEE)
  7863 | D:7      | Identified the +1 dire flail of Irubu {pain, *Rage rElec
                  | Will++ Int-2}
  7863 | D:7      | Identified the +5 giant spiked club of the Dwarven Hall
                  | {venom, rF++ rN+ Str+3}
  7863 | D:7      | Noticed a two-headed ogre
  7869 | D:7      | Found a transporter.
  7911 | D:7      | Reached skill level 3 in Long Blades
  7914 | D:7      | HP: 1/56 [killer bee (6)]
  7918 | D:7      | Reached XP level 9. HP: 10/61 MP: 17/17
  8001 | D:7      | Reached skill level 4 in Long Blades
  8069 | D:7      | You fall into a shaft and drop 3 floors!
  8069 | D:10     | Entered Level 10 of the Dungeon
  8144 | D:10     | Reached skill level 5 in Long Blades
  8443 | D:8      | Reached skill level 6 in Long Blades
  8517 | D:8      | Found a transporter.
  8563 | D:8      | Found a transporter.
  8606 | D:8      | Reached * piety under Sif Muna
  8768 | D:7      | Reached skill level 7 in Long Blades
  9117 | D:8      | Noticed Harold
  9154 | D:8      | Reached XP level 10. HP: 67/67 MP: 18/18
  9173 | D:8      | Noticed a two-headed ogre
  9404 | D:8      | Noticed a two-headed ogre
  9421 | D:8      | You fall into a shaft and drop 3 floors!
  9445 | D:11     | Noticed an unseen horror
  9475 | D:11     | Killed an unseen horror
  9476 | D:11     | Reached skill level 5 in Dodging
  9549 | D:11     | Reached skill level 8 in Long Blades
  9581 | D:11     | Found a staircase to the Orcish Mines.
 10012 | D:10     | Noticed an unseen horror
 10063 | D:10     | Killed an unseen horror
 10064 | D:10     | Reached skill level 9 in Long Blades
 10150 | D:10     | Found a radiant altar of Vehumet.
 11409 | D:9      | Reached ** piety under Sif Muna
 11621 | D:8      | Killed a two-headed ogre
 11622 | D:8      | Reached skill level 10 in Long Blades
 11622 | D:8      | Reached XP level 11. HP: 72/72 MP: 19/19
 11894 | D:8      | Killed a two-headed ogre
 11964 | D:8      | Found a staircase to the Lair.
 11988 | D:8      | Identified the +7 glaive of Tenacity {venom, rElec Str+4}
 12092 | D:8      | Reached skill level 11 in Long Blades
 12268 | D:8      | Killed Harold
 13927 | Lair:1   | Entered Level 1 of the Lair of Beasts
 15071 | Lair:1   | Reached skill level 12 in Long Blades
 15077 | Lair:1   | HP: 1/108 [blink frog (11)]
 15090 | Lair:1   | Slain by a blink frog

Illustrated notes

Levels and vault maps discovered:
D:1:      psy_arrival_fountain, layout_basic, ebering_ecumenical_altar_rust,
          minmay_misc_feat_doors, minmay_distorted
D:2:      layout_loops_ring, moated_statue, st_stairs_6, columned_hall_lemuel
D:3:      layout_loops_corners, nicolae_ru_sacrificial_ziggurat,
          grunt_ministairs_7
D:4:      layout_basic
D:5:      layout_loops_ring, serial_co_window_serial, co_window_corner_a,
          co_window_corner_a, co_window_corner_a, co_window_paths_a,
          co_window_paths_b, co_window_paths_a, co_window_paths_b,
          co_window_corner_b, co_window_cross_4, co_window_corner_b,
          co_window_corner_b, co_window_corner_b, co_window_of_opportunity_c,
          co_window_sun, glass_columns_c
D:6:      layout_basic, minmay_temple_entry_wispy,
          amcnicky_mini_rare_corridor_liquid, nicolae_figureground_pulse,
          uniq_menkaure
D:7:      layout_cave_pools, gammafunk_ghost_smash
D:8:      layout_loops_ring, due_lair_maze_entry_diamond,
          gammafunk_ghost_abyssal_escape, chequers_big_river,
          hangedman_abyss_or_decor_clamps, uniq_harold
D:9:      layout_loops_corners
D:10:     layout_gridville, nicolae_vehumet_altar_sigil,
          statue_in_the_mist_lemuel, chequers_serial_rivers_micro_a
D:11:     layout_long_grid, orc_0_dummy, uniq_urug
Temple:   regret_index_temple_chain_breaker
Lair:1:   layout_gridlike

Skill      XL: |  1  2  3  4  5  6  7  8  9 10 11 |
---------------+----------------------------------+-----
Translocations | 3 4 5 6 |  6.5
Throwing       | 2 3 |  3.1
Slings         | 2 4 |  4.3
Spellcasting   | 3 4 5 |  5.4
Dodging        | 2 4 6 8 |  8.0
Long Blades    | 3 7 10 12 | 12.1
Fighting       | |  2.1
Armour         | |  1.1

Action                   |  1- 3 |  4- 6 |  7- 9 | 10-12 || total
-------------------------+-------+-------+-------+-------++-------
Melee: Falchion          |    66 |    11 |    29 |       ||   106
       Dagger            |    29 |   135 |   279 |   345 ||   788
       Long sword        |       |       |    32 |   151 ||   183
 Fire: Hunting sling     |       |    40 |    62 |    34 ||   136
Throw: Stone             |       |    10 |       |       ||    10
       Boomerang         |       |       |     3 |    12 ||    15
       Dart              |       |       |       |     1 ||     1
 Cast: Teleport Other    |       |     4 |     3 |    17 ||    24
 Abil: Dig               |       |     1 |     8 |    14 ||    23
       Shaft Self        |       |       |     1 |     1 ||     2
Evoke: Wand              |       |       |       |    32 ||    32
  Use: Potion            |       |     3 |     2 |     5 ||    10
       Scroll            |       |     2 |     7 |     9 ||    18
Armor: Leather armour    |    28 |    27 |   139 |   106 ||   300
       Skin              |       |       |    63 |    26 ||    89
       Chain mail        |       |       |       |    28 ||    28
Dodge: Dodged            |    76 |    78 |   239 |   359 ||   752
Block: Other             |       |       |       |    19 ||    19

Table legend: (Time is in decaauts)
 A = Elapsed time spent in this place.
 B = Non-inter-level travel time spent in this place.
 C = Inter-level travel time spent in this place.
 D = Time resting spent in this place.
 E = Time spent auto-exploring this place.
 F = Levels seen in this place.
 G = Mean time per level.
                   A        B        C        D        E       F      G
               +--------+--------+--------+--------+--------+-----+--------+
         Total |  14950 |  13725 |   1225 |   3644 |   6976 |  13 | 1150.0 |
       Dungeon |  13766 |  12581 |   1185 |   2916 |   6695 |  11 | 1251.5 |
        Temple |     47 |     33 |     14 |      0 |     19 |   1 |   47.0 |
          Lair |   1136 |   1110 |     26 |    728 |    262 |   1 | 1136.0 |
               +--------+--------+--------+--------+--------+-----+--------+

Top non-repeatable levels by time:
     D:8: 2295 daAuts
     D:2: 1580 daAuts
     D:3: 1565 daAuts
     D:9: 1548 daAuts
     D:4: 1508 daAuts
    D:10: 1316 daAuts
     D:5: 1237 daAuts
  Lair:1: 1136 daAuts
     D:1: 964 daAuts
     D:6: 835 daAuts
     D:7: 748 daAuts
    D:11: 166 daAuts
  Temple: 47 daAuts
